 Dungeon Crawl Stone Soup version 0.30-a0-629-gd54f4be4f7 (webtiles) character file.

Game seed: 12975418353356760324

3983 QueenGhuleh the Protected (level 10, -1/88 HPs)
             Began as a Minotaur Berserker on Jan 12, 2023.
             Was an Elder of Trog.
             Slain by Prince Ribbit (7 damage)
             ... on level 8 of the Dungeon.
             The game lasted 00:11:19 (6296 turns).

QueenGhuleh the Protected (Minotaur Berserker)      Turns: 6296, Time: 00:11:20

Health: -1/88      AC:  0    Str: 29    XL:     10   Next: 2%
Magic:  9/9        EV: 10    Int:  4    God:    Trog [****..]
Gold:   337        SH:  0    Dex: 11    Spells: 9/9 levels left

rFire   . . .      SeeInvis .    E - +0 broad axe
rCold   . . .      Faith    .    (no shield)
rNeg    . . .      Spirit   .    v - +0 chain mail
rPois   .          Reflect  .    (helmet restricted)
rElec   .          Harm     .    (no cloak)
rCorr   .          Rampage  .    (no gloves)
Will    .....                    (no boots) Stlth
                                 t - amulet of Ruted {Regen+ Str+4}
HPRegen 1.14/turn                (no ring)
MPRegen 0.11/turn                (no ring)

@: corroded, on berserk cooldown, slowed, very slow
A: horns 2, retaliatory headbutt
a: Renounce Religion, Berserk, Trog's Hand, Brothers in Arms


You were on level 8 of the Dungeon.
You worshipped Trog.
Trog was greatly pleased with you.
You visited 1 branch of the dungeon, and saw 8 of its levels.

You collected 337 gold pieces.

Inventory:

Hand Weapons
 u - a +4 flail of holy wrath
 B - a +2 vampiric war axe
 E - a +0 broad axe (weapon)
Armour
 v - a +0 chain mail (worn)
Jewellery
 c - a ring of positive energy
 m - a ring of poison resistance
 o - an amulet of magic regeneration
 r - an amulet of guardian spirit
 t - the amulet of Ruted (around neck) {Regen+ Str+4}
   (You found it on level 4 of the Dungeon)

   [amulet of regeneration]

   Str:       It affects your strength (+4).
   Regen:     It increases your rate of health regeneration.
Wands
 z - a wand of charming (13)
 D - a wand of polymorph (3)
Scrolls
 d - 9 scrolls of identify {unknown}
 h - 5 scrolls of teleportation {unknown}
 i - 3 scrolls of enchant armour {unknown}
 n - 3 scrolls of immolation {unknown}
 p - 2 scrolls of noise {unknown}
 q - a scroll of brand weapon {unknown}
 w - a scroll of fear {unknown}
 x - a scroll of vulnerability {unknown}
 y - a scroll of blinking {unknown}
Potions
 a - a potion of might {unknown}
 b - a potion of brilliance {unknown}
 e - a potion of lignification {unknown}
 f - 6 potions of haste {unknown}
 g - 2 potions of magic {unknown}
 j - 3 potions of flight {unknown}
 k - 8 potions of curing {unknown}
 l - a potion of heal wounds {unknown}
 s - a potion of cancellation {unknown}
 A - a potion of berserk rage {unknown}
 C - 2 potions of resistance {unknown}


   Skills:
 + Level 8.2 Fighting
 + Level 8.7(10.3) Axes
 + Level 8.7(10.3) Maces & Flails
 + Level 9.1 Armour
 + Level 4.7 Dodging
 + Level 1.6 Stealth


You had 9 spell levels left.
You didn't know any spells.
Your spell library was empty.

Dungeon Overview and Level Annotations

Branches:
Dungeon (8/15)             Temple (0/1) D:7
   Lair: D:8-11

Altars:
Ashenzari
Dithmenos
Elyvilon
Gozag
Makhleb
Okawaru
Ru
Sif Muna
Yredelemnul

Shops:
D:2 =   D:5 [

Annotations:
D:8 Prince Ribbit


Innate Abilities, Weirdness & Mutations

You have a pair of horns on your head.
You reflexively headbutt those who attack you in melee.


Message History

* * * LOW HITPOINT WARNING * * *
The acid dragon claws you.
* * * LOW HITPOINT WARNING * * *
You closely miss the acid dragon.
You headbutt the acid dragon, but do no damage.
The acid dragon is almost dead.
You closely miss the acid dragon. Your headbutt misses the acid dragon.
The acid dragon is almost dead.
The acid dragon barely misses you. The acid dragon claws you.
* * * LOW HITPOINT WARNING * * *
You hit the acid dragon.
You kill the acid dragon!
Trog accepts your kill.
The acid dragon scales are intact enough to wear.
Things that are here:
+0 acid dragon scales; an acid dragon corpse Prince Ribbit comes into view.
You feel a strong urge to attack something.
Prince Ribbit gives a loud, deep croak!
Prince Ribbit blinks!
You are no longer berserk.
You are exhausted.
You feel yourself slow down. The bullfrog hits you.
* * * LOW HITPOINT WARNING * * *
You hit the bullfrog.
The bullfrog is lightly wounded.
The bullfrog closely misses you. The bullfrog hits you!
* * * LOW HITPOINT WARNING * * *
The bullfrog hits you.
* * * LOW HITPOINT WARNING * * *
You slash the bullfrog!
The bullfrog is severely wounded.
The bullfrog hits you!
* * * LOW HITPOINT WARNING * * *
The bullfrog barely misses you. You furiously retaliate!
You headbutt the bullfrog, but do no damage.
You barely miss the bullfrog. Your headbutt misses the bullfrog.
The bullfrog is severely wounded.
You closely miss Prince Ribbit. Prince Ribbit hits you!
You die...

.... ..... ....
.......... ...
.......... ...# . #
...#.....#.# #... ..#.
...#........ .... ....
##.......... ..##
###..#.F.......# ... #
#.....@F.......####...
#.....#...#............#
....##...[#.........##.#
... #...#.........###..
. #..#.........####...
#...##........##.....
#.............#......
.......##).$#.....###.
.......#...(#.....>.#.


You could see Prince Ribbit and a bullfrog.

Vanquished Creatures
  Grinder (D:3)
  4 vampire mosquitoes (D:7)
  Edmund (D:4)
  A water moccasin (D:7)
  An acid dragon (D:8)
  An ice beast (D:7)
  An orc warrior (D:8)
  3 black bears (D:5)
  2 sky beasts (D:7)
  3 ogres
  4 phantoms
  A kobold brigand (D:8)
  A scorpion (D:5)
  5 bullfrogs
  A necrophage (D:6)
  4 wights (D:8)
  3 howler monkeys (D:7)
  A gnoll bouda (D:5)
  4 hounds
  5 orc priests
  A jelly (D:7)
  Jessica (D:3)
  10 orc wizards
  3 iguanas (D:6)
  5 gnolls (D:5)
  8 adders
  A white imp (D:8)
  An ufetubus (D:6)
  2 worms (D:2)
  5 dart slugs
  24 orcs
  8 endoplasms
  2 giant cockroaches (D:4)
  15 goblins
  7 hobgoblins
  3 jackals (D:4)
  7 kobolds
  6 quokkas
  3 ball pythons
  8 bats
  A frilled lizard (D:1)
  6 rats
174 creatures vanquished.

Vanquished Creatures (others)
  4 toadstools (D:1)
4 creatures vanquished.

Grand Total: 178 creatures vanquished

Notes
Turn   | Place    | Note
-------+----------+-------------------------------------------
     0 | D:1      | QueenGhuleh the Minotaur Berserker began the quest for the
                  | Orb.
     0 | D:1      | Reached XP level 1. HP: 19/19 MP: 0/0
   236 | D:1      | Reached XP level 2. HP: 18/27 MP: 1/1
   916 | D:2      | Reached XP level 3. HP: 33/33 MP: 2/2
   963 | D:2      | Found a broken altar of Ashenzari.
  1097 | D:2      | Reached ** piety under Trog
  1098 | D:2      | Found Fofewyo's Jewellery Shoppe.
  1492 | D:3      | Noticed Jessica
  1497 | D:3      | Reached XP level 4. HP: 33/41 MP: 3/3
  1499 | D:3      | Killed Jessica
  1500 | D:3      | Reached skill level 5 in Axes
  1500 | D:3      | Reached skill level 3 in Armour
  1601 | D:3      | Found a sacrificial altar of Ru.
  1779 | D:3      | Reached XP level 5. HP: 47/47 MP: 4/4
  1965 | D:3      | Noticed Grinder
  1975 | D:3      | Paralysed by Grinder for 2 turns
  1980 | D:3      | Killed Grinder
  1981 | D:3      | Reached skill level 5 in Fighting
  1981 | D:3      | Reached skill level 4 in Armour
  1981 | D:3      | Reached skill level 1 in Stealth
  1981 | D:3      | Reached XP level 6. HP: 14/56 MP: 5/5
  2154 | D:3      | Reached *** piety under Trog
  2337 | D:4      | Found a white marble altar of Elyvilon.
  2340 | D:4      | Found a shimmering blue altar of Sif Muna.
  2569 | D:4      | Found a shadowy altar of Dithmenos.
  2776 | D:4      | Reached XP level 7. HP: 54/61 MP: 6/6
  2903 | D:4      | Identified the amulet of Ruted {Regen+ Str+4}
  3032 | D:4      | Noticed Edmund
  3047 | D:4      | Killed Edmund
  3048 | D:4      | Reached skill level 5 in Armour
  3318 | D:4      | Found a burning altar of Makhleb.
  3488 | D:5      | Entered Level 5 of the Dungeon
  3519 | D:5      | Reached skill level 1 in Maces & Flails
  3545 | D:5      | Reached **** piety under Trog
  3576 | D:5      | Found Bivvem's Antique Armour Boutique.
  3654 | D:5      | Reached XP level 8. HP: 70/70 MP: 7/7
  3663 | D:5      | Reached skill level 6 in Armour
  3721 | D:5      | Found an opulent altar of Gozag.
  4431 | D:6      | Reached skill level 5 in Maces & Flails
  4551 | D:6      | Reached skill level 7 in Armour
  4724 | D:6      | Reached XP level 9. HP: 61/79 MP: 8/8
  4832 | D:6      | Found an iron altar of Okawaru.
  5401 | D:7      | Identified the +4 hand axe "Tetasus" {vamp, Dex+5}
  5432 | D:7      | Reached skill level 8 in Armour
  5599 | D:7      | Found a staircase to the Ecumenical Temple.
  6134 | D:8      | Reached skill level 9 in Armour
  6226 | D:8      | Found a basalt altar of Yredelemnul.
  6264 | D:8      | Reached XP level 10. HP: 87/88 MP: 9/9
  6292 | D:8      | Noticed Prince Ribbit
  6295 | D:8      | HP: 4/88 [bullfrog (8)]
  6296 | D:8      | Slain by Prince Ribbit

Illustrated notes

Levels and vault maps discovered:
D:1:      ldierk_walled_garden_2, layout_basic, serial_curves, eino_curves_02,
          eino_curves_03, minmay_pentomino_r4
D:2:      layout_rooms, basic_altar, serial_shops, shop, kennysheep_another_room
D:3:      kennysheep_the_goblin_king, layout_basic,
          nicolae_ru_great_annihilating_truth, minmay_large_rounded_square,
          eino_tiny_chamber, minmay_misc_feat_square, minmay_misc_feat_rugged,
          chequers_arboretum, uniq_grinder, uniq_jessica
D:4:      layout_loops_corners, mainiacjoe_overflow_chevrons,
          grunt_temple_overflow_open, uniq_edmund
D:5:      layout_layer_cave, mainiacjoe_overflow_surrounded_room, serial_shops,
          shop
D:6:      layout_gridville, nicolae_overflow_crystal_walls
D:7:      layout_basic, minmay_temple_entry_statues_pillars
D:8:      layout_cave_pools, mainiacjoe_overflow_alcove_2, marbit_many_paths,
          uniq_prince_ribbit1

Skill      XL: |  1  2  3  4  5  6  7  8  9 |
---------------+----------------------------+-----
Axes           | 4 5 6 7 8 |  8.7
Fighting       | 4 5 6 7 8 |  8.2
Armour         | 3 4 5 7 9 |  9.1
Dodging        | 3 4 |  4.7
Stealth        | 1 |  1.6
Maces & Flails | 2 6 8 |  8.7

Action                   |  1- 3 |  4- 6 |  7- 9 | 10-12 || total
-------------------------+-------+-------+-------+-------++-------
Melee: Hand axe          |    85 |    79 |    27 |       ||   191
       Headbutt          |    11 |    13 |    40 |     1 ||    65
       Punch             |     1 |       |     1 |       ||     2
       Flail             |       |       |   150 |       ||   150
       War axe           |       |       |    56 |       ||    56
       Broad axe         |       |       |       |     9 ||     9
Invok: Berserk           |       |     1 |     6 |     1 ||     8
 Stab: Paralysed         |       |     1 |       |       ||     1
Armor: Animal skin       |     5 |       |       |       ||     5
       Ring mail         |    21 |    30 |     6 |       ||    57
       Chain mail        |       |       |   140 |     2 ||   142
Dodge: Dodged            |    49 |    35 |   163 |     4 ||   251

Table legend: (Time is in decaauts)
 A = Elapsed time spent in this place.
 B = Non-inter-level travel time spent in this place.
 C = Inter-level travel time spent in this place.
 D = Time resting spent in this place.
 E = Time spent auto-exploring this place.
 F = Levels seen in this place.
 G = Mean time per level.
                   A        B        C        D        E       F      G
               +--------+--------+--------+--------+--------+-----+--------+
         Total |   6360 |   6156 |    204 |      0 |   5160 |   8 |  795.0 |
       Dungeon |   6360 |   6156 |    204 |      0 |   5160 |   8 |  795.0 |
               +--------+--------+--------+--------+--------+-----+--------+

Top non-repeatable levels by time:
     D:4: 1215 daAuts
     D:7: 943 daAuts
     D:5: 932 daAuts
     D:1: 915 daAuts
     D:3: 891 daAuts
     D:6: 736 daAuts
     D:2: 487 daAuts
     D:8: 238 daAuts
